 Dungeon Crawl Stone Soup version 0.25.1-1-g288607f (webtiles) character file.

Game seed: 17935836151249712128

882 RonnieColeman the Conjurer (level 8, 0/52 HPs)
             Began as an Octopode Conjurer on Sept 12, 2020.
             Slain by a two-headed ogre
             ... wielding a +0 giant club
              (16 damage)
             ... on level 4 of the Dungeon.
             The game lasted 00:07:45 (5060 turns).

RonnieColeman the Conjurer (Octopode Conjurer)      Turns: 5060, Time: 00:07:46

Health: 0/52       AC:  1    Str:  7    XL:     8   Next: 5%
Magic:  13/16      EV: 13    Int: 20    God:
Gold:   263        SH:  5    Dex: 14    Spells: 14/17 levels left

rFire    . . .     SeeInvis .   k - +8 whip of Compound Interest {flame, MR+ Dex+2}
rCold    . . .     Gourm    .   m - +0 buckler
rNeg     . . .     Faith    .   (helmet restricted)
rPois    +         Spirit   .   (no amulet)
rElec    .         Reflect  .   c - ring of poison resistance
rCorr    .         Harm     .   (no ring)
MR       +....                  (no ring)
Stlth    +++.......             (no ring)
HPRegen  0.17/turn              (no ring)
MPRegen  0.15/turn              (no ring)
                                (no ring)
                                (no ring)

@: no status effects
A: almost no armour, stealthy swim, amphibious, 8 rings, constrict 8, camouflage
1, gelatinous body 1
a: no special abilities


You were on level 4 of the Dungeon.
You were not hungry.

You visited 1 branch of the dungeon, and saw 5 of its levels.

You collected 274 gold pieces.
You spent 11 gold pieces at shops.

Inventory:

Hand Weapons
 k - the +8 whip of Compound Interest (weapon) {flame, MR+ Dex+2}
   (You took it off a centaur on level 5 of the Dungeon)

   It has been specially enchanted to burn those struck by it, causing extra
   injury to most foes and up to half again as much damage against particularly
   susceptible opponents.
   It affects your dexterity (+2).
   It affects your resistance to hostile enchantments.
 l - a +0 dagger of electrocution
Armour
 m - a +0 buckler (worn)
Jewellery
 c - a ring of poison resistance (left tentacle)
Scrolls
 e - 3 scrolls of remove curse
 f - a scroll of teleportation
 g - 3 scrolls of amnesia
 i - a scroll of fog
Potions
 a - a potion of flight
 d - 2 potions of stabbing
 h - 2 potions of curing
 j - a potion of might {unknown}
Comestibles
 b - 7 rations


   Skills:
 + Level 3.5 Fighting
 - Level 2.0 Dodging
 - Level 2.6 Stealth
 * Level 4.0 Shields
 * Level 5.3 Spellcasting
 + Level 5.5 Conjurations


You had 14 spell levels left.
You knew the following spells:

 Your Spells              Type           Power        Failure   Level  Hunger
a - Magic Dart            Conj           ####         1%          1    None
b - Searing Ray           Conj           ####..       1%          2    None

Your spell library contained the following spells:

 Spells                   Type           Power        Failure   Level  Hunger
 Animate Skeleton         Necr           N/A          11%         1    None
 Apportation              Tloc           #.....       11%         1    None
 Corona                   Hex            #......      11%         1    None
 Summon Small Mammal      Summ           #...         11%         1    None
 Dazzling Flash           Conj/Hex       ###...       11%         3    ##.....
 Confusing Touch          Hex            #.......     32%         3    ##.....
 Gell's Gravitas          Tloc           #.........   32%         3    ##.....
 Fulminant Prism          Conj/Hex       ###.......   34%         4    ####...
 Iskenderun's Mystic Bla  Conj/Tloc      ###.....     34%         4    ####...
 Petrify                  Tmut/Erth      #.......     73%         4    ####...
 Metabolic Englaciation   Hex/Ice        #.........   97%         5    #####..
 Yara's Violent Unravell  Hex/Tmut       #.........   97%         5    #####..


Dungeon Overview and Level Annotations

Branches:
Dungeon (5/15)
 Temple: D:4-7

Altars:
Gozag
Okawaru
Yredelemnul

Shops:
D:4 !


Innate Abilities, Weirdness & Mutations

You cannot wear most types of armour.
You are very stealthy in the water. (Stealth+)
You are amphibious.
You can wear up to eight rings at the same time.
You can use your tentacles to constrict eight enemies at once.
Your skin changes colour to match your surroundings (Stealth+).
Your rubbery body absorbs attacks. (AC +1, EV +1)


Message History

The two-headed ogre hits you with a +0 giant club!
* * * LOW HITPOINT WARNING * * *
The two-headed ogre barely misses you.
There is a stone staircase leading up here.
The two-headed ogre barely misses you. You block the two-headed ogre's attack.
You climb upwards.
Found an opulent altar of Gozag.
There is a stone staircase leading down here.
Casting: Searing Ray (safe; 1% risk of failure)
Confirm with . or Enter, or press ? or * to list all spells.
Aiming: Searing Ray (safe; 1% risk of failure)
Press: ? - help, Shift-Dir - straight line, f - two-headed ogre
Aim: a two-headed ogre, wielding two +0 giant clubs (moderately wounded)
The searing ray hits the two-headed ogre.
The two-headed ogre is heavily wounded. (Press . to maintain the ray.)
The searing ray hits the two-headed ogre!
The two-headed ogre is severely wounded.
The two-headed ogre hits you with a +0 giant club!
You die...

#....#.#####.......(######....###
##..................# #....##.
#..................######....##.
##...............................
.....#############..######....##.
..(..# _###8## #.## #....##.
.....## ..8...8##.# #....##.
.....##........O##.# #....###
.....#_.........@#)# #.......
....###.........#### #####.##
....###8...8...8### #.# ....#
##_###8## #####.# ##### ##
#.....# #.##### #.# # #.# # #.# #


You could see a two-headed ogre.

Vanquished Creatures
  Grinder (D:4)
  A phantom (D:4)
  An ogre (D:5)
  2 centaurs (D:5)
  A howler monkey (D:4)
  A hound (D:5)
  An orc priest (D:5)
  An iguana (D:5)
  Jessica (D:3)
  2 worker ants (D:5)
  5 adders
  2 gnolls (D:1)
  An ooze (D:1)
  A worm (D:3)
  4 leopard geckos
  10 orcs
  5 goblins
  6 hobgoblins
  7 jackals
  3 quokkas
  2 bats (D:3)
  4 frilled lizards
  5 kobolds
  A quokka skeleton (D:5)
  2 rats (D:1)
70 creatures vanquished.

Notes
Turn   | Place    | Note
-------+----------+-------------------------------------------
     0 | D:1      | RonnieColeman the Octopode Conjurer began the quest for the
                  | Orb.
     0 | D:1      | Reached XP level 1. HP: 11/11 MP: 3/3
   264 | D:1      | Reached XP level 2. HP: 12/18 MP: 0/5
   375 | D:1      | Reached skill level 1 in Fighting
   375 | D:1      | Reached XP level 3. HP: 13/23 MP: 7/7
  1944 | D:2      | Reached XP level 4. HP: 23/28 MP: 2/8
  2418 | D:3      | Noticed Jessica
  2423 | D:3      | Learned a level 2 spell: Searing Ray
  2426 | D:3      | Killed Jessica
  2743 | D:3      | Reached XP level 5. HP: 7/34 MP: 10/10
  3411 | D:4      | Noticed Grinder
  3414 | D:4      | Paralysed by Grinder for 7 turns
  3427 | D:4      | Paralysed by Grinder for 4 turns
  3436 | D:4      | Killed Grinder
  3436 | D:4      | Reached XP level 6. HP: 35/41 MP: 0/12
  3528 | D:4      | Found Zule's Distillery.
  3531 | D:4      | Bought a potion of degeneration for 11 gold pieces
  3541 | D:4      | Found a basalt altar of Yredelemnul.
  3544 | D:4      | Found an iron altar of Okawaru.
  3740 | D:4      | Reached skill level 5 in Conjurations
  3805 | D:4      | Noticed a phantom
  3823 | D:4      | Killed a phantom
  3823 | D:4      | Reached XP level 7. HP: 32/45 MP: 3/13
  4468 | D:5      | Entered Level 5 of the Dungeon
  4813 | D:5      | Identified the +8 whip of Compound Interest {flame, MR+
                  | Dex+2}
  4817 | D:5      | Reached skill level 5 in Spellcasting
  4988 | D:5      | Reached XP level 8. HP: 52/52 MP: 11/16
  5046 | D:5      | Noticed a two-headed ogre
  5058 | D:4      | Found an opulent altar of Gozag.
  5060 | D:4      | Slain by a two-headed ogre

Illustrated notes

Levels and vault maps discovered:
D:1:      shiori_arrival_maze, layout_basic, item_on_display_a
D:2:      layout_loops_cross
D:3:      layout_basic, uniq_jessica
D:4:      layout_basic, nicolae_overflow_hidden_temple, first_ration,
          serial_shops, kennysheep_little_box, uniq_grinder
D:5:      layout_basic, fedhas_bush_and_centaur_altar

Skill      XL: |  1  2  3  4  5  6  7 |
---------------+----------------------+-----
Fighting       | 1 2 3 |  3.5
Spellcasting   | 3 4 5 |  5.3
Shields        | 2 4 |  4.0
Conjurations   | 5 |  5.5
Dodging        | |  2.0
Stealth        | |  2.6

Action                   |  1- 3 |  4- 6 |  7- 9 || total
-------------------------+-------+-------+-------++-------
Melee: Unarmed           |     7 |       |       ||     7
       Constrict         |    19 |    13 |     3 ||    35
       Whip              |    28 |       |     5 ||    33
       Tentacles         |     5 |     6 |     2 ||    13
       Spear             |    33 |     7 |       ||    40
       Dagger            |       |    51 |    20 ||    71
 Cast: Magic Dart        |    12 |       |       ||    12
       Searing Ray       |       |     6 |    11 ||    17
  Use: Scroll            |     3 |     2 |     5 ||    10
 Stab: Sleeping          |     5 |     4 |     1 ||    10
  Eat: Chunk             |     3 |     5 |     5 ||    13
Armor: Skin              |     6 |     3 |       ||     9
Dodge: Dodged            |    44 |    30 |    26 ||   100
Block: Buckler           |       |     2 |     7 ||     9
